 Dungeon Crawl Stone Soup version 0.29.0-5-ge4962eb29e (webtiles) character file.

Game seed: 8465860215220830497

65 Zeldest the Trooper (level 3, -1/30 HPs)
             Began as a Mummy Chaos Knight on Aug 30, 2022.
             Was a Plaything of Xom.
             Slain by Sigmund
             ... wielding a +1 scythe of venom
              (3 damage)
             ... on level 2 of the Dungeon.
             The game lasted 00:01:12 (1245 turns).

Zeldest the Trooper (Mummy Chaos Knight)            Turns: 1245, Time: 00:01:13

Health: -1/30      AC:  5    Str: 17    XL:     3   Next: 92%
Magic:  3/3        EV: 11    Int: 11    God:    Xom [...*..]
Gold:   58         SH:  0    Dex: 11    Spells: 2/2 levels left

rFire   x . .      SeeInvis .   a - +0 hand axe (chaos)
rCold   + . .      Faith    +   (no shield)
rNeg    + + +      Spirit   .   b - +2 leather armour
rPois   ∞          Reflect  .   (no helmet)
rElec   .          Harm     .   h - scarf {+Inv}
rCorr   .          Rampage  .   (no gloves)
Will    .....                   (no boots)
Stlth   +.........              k - amulet of faith
HPRegen 0.10/turn               (no ring)
MPRegen 0.08/turn               (no ring)

@: no status effects
A: cold resistance 1, negative energy resistance 3, torment resistance 2, heat
vulnerability 1, in touch with death 1, no potions
a: Renounce Religion, Evoke Invisibility


You were on level 2 of the Dungeon.
You worshipped Xom.
You were a favourite toy of Xom.
You visited 1 branch of the dungeon, and saw 2 of its levels.

You collected 58 gold pieces.

Inventory:

Hand Weapons
 a - a +0 hand axe of chaos (weapon)
Armour
 b - a +2 leather armour (worn)
 h - a scarf of invisibility (worn)
Jewellery
 k - an amulet of faith (around neck)
Scrolls
 d - 2 scrolls of teleportation {unknown}
 e - a scroll of immolation {unknown}
 f - a scroll of poison {unknown}
 g - a scroll of brand weapon {unknown}
 i - a scroll of noise {unknown}
 j - a scroll of enchant armour {unknown}
 l - 2 scrolls of magic mapping {unknown}
Miscellaneous
 c - a piece from Xom's chessboard (15/15) (quivered)


   Skills:
 + Level 3.7 Fighting
 * Level 3.5 Axes
 - Level 1.5 Armour
 - Level 0.7 Dodging


You had 2 spell levels left.
You didn't know any spells.
Your spell library contained the following spells:

 Spells                   Type           Power      Damage    Failure   Level
 Foxfire                  Conj/Fire      0%         2x1d4     38%         1
 Shock                    Conj/Air       0%         1d3       38%         1
 Static Discharge         Conj/Air       0%         3-3/arc   54%         2
 Conjure Flame            Conj/Fire      0%         6-21      77%         3
 Ignite Poison            Fire/Tmut/Pois 0%         N/A       77%         3
 Inner Flame              Hex/Fire       0%         N/A       77%         3
 Flame Wave               Conj/Fire      0%         2d4       99%         4
 Lightning Bolt           Conj/Air       0%         1d11      100%        5
 Starburst                Conj/Fire      0%         6d3       100%        6
 Maxwell's Capacitive Co  Air            0%         ∞         100%        8


Dungeon Overview and Level Annotations

Branches:
Dungeon (2/15)

Altars:

Annotations:
D:2 Sigmund


Innate Abilities, Weirdness & Mutations

You are immune to poison.
Your flesh is cold resistant. (rC+)
You are immune to negative energy. (rN+++)
You are immune to unholy pain and torment.
You are vulnerable to heat. (rF-)
You are in touch with the powers of death.
You do not drink.


Message History

You barely miss something.
You hear some strange, mumbled words.
A puff of flame appears from out of thin air!
The puff of flame hits you! The fire burns you terribly!
A shower of butterflies erupts from you!
A goblin comes into view. It is wielding a +0 club.
You barely miss something. Something hits you!
* * * LOW HITPOINT WARNING * * *
You can't drink.
Unknown command.
Something hits you but does no damage.
You barely miss the goblin. The goblin hits you but does no damage.
Something hits you.
* * * LOW HITPOINT WARNING * * *
You hit the goblin. You freeze the goblin.
You kill the goblin!
Something hits you.
* * * LOW HITPOINT WARNING * * *
You see here a +0 club.
You closely miss something. Something hits you but does no damage.
You miss something. Something hits you but does no damage.
You closely miss something.
Your butterfly disappears in a puff of smoke!
Something hits you but does no damage.
You hit something. Lightning courses through something!!
You hit something but do no damage.
You hear some strange, mumbled words.
A magic dart appears from out of thin air!
The magic dart hits you.
* * * LOW HITPOINT WARNING * * *
You miss something. Something hits you.
* * * LOW HITPOINT WARNING * * *
You can't drink.
Unknown command.
Okay, then.
You miss something.
Your butterfly disappears in a puff of smoke! x2
Something hits you.
You die... "What!?
That's it?"

........................
........................
........................
........................
..#.........#.#.#####...
..........b.#.#.# #... .
#.....#........###.... #...
.#.....+................
....
.#.....#....#@.§###......
####
...........#{............ ..
.####..........#.......#.#..
.. .......................#
!. ...........##....#.§...#
.. ......................##
.......................#
.###..............!....#
#.........##.##.......


There were no monsters in sight!

Vanquished Creatures
  A hound (D:2)
  An adder (D:2)
  A dart slug (D:1)
  A bat (D:1)
  3 endoplasms (D:1)
  2 goblins
  4 hobgoblins
  2 quokkas (D:1)
  4 ball pythons (D:1)
  A frilled lizard (D:1)
  2 kobolds (D:1)
  3 rats
25 creatures vanquished.

Notes
Turn   | Place    | Note
-------+----------+-------------------------------------------
     0 | D:1      | Zeldest the Mummy Chaos Knight began the quest for the Orb.
     0 | D:1      | Reached XP level 1. HP: 18/18 MP: 1/1
   141 | D:1      | XOM: silly message
   182 | D:1      | XOM: potion effect (might)
   189 | D:1      | XOM: silly message
   303 | D:1      | Reached XP level 2. HP: 19/24 MP: 2/2
   896 | D:2      | XOM: scenery: 1 doors open
   967 | D:2      | Got Kisi's Verses on the Molten Zephyr
   981 | D:2      | XOM: silly message
  1061 | D:2      | Gained mutation: You are in touch with the powers of death.
                  | [Mummy growth]
  1061 | D:2      | Reached XP level 3. HP: 19/29 MP: 3/3
  1191 | D:2      | XOM: 9-stop teleportation journey
  1222 | D:2      | Noticed Sigmund
  1228 | D:2      | XOM: butterfly on damage
  1245 | D:2      | Slain by Sigmund

Illustrated notes

Levels and vault maps discovered:
D:1:      doesnt_arrival_eight_statues, layout_basic, feat_on_display
D:2:      layout_basic, uniq_jessica, uniq_sigmund

Skill      XL: |  1  2 |
---------------+-------+-----
Axes           | 3 |  3.5
Fighting       | |  3.7
Armour         | |  1.5
Dodging        | |  0.7

Action                   || total
-------------------------++-------
Melee: Hand axe          ||    91
       Punch             ||     4
 Stab: Sleeping          ||     1
Armor: Leather armour    ||    36
Dodge: Dodged            ||    51
